Map: Eternal Empire LE

Players

RiSky - Winner!

  • Race: Zerg Zerg
  • Spawn Location: 7:00

Probe

  • Race: Protoss Protoss
  • League: Master
  • Spawn Location: 1:00

Event: DreamHack SC2 Masters 2020 Fall

VOD

Have the link to the VOD?

Description

Time

  • Played on: Aug. 28, 2020, 6:16 a.m.
  • Length: 44:45

All games in this series

Show
View Real Time Build Order
Export as new Build Order

RiSky Zerg - Winner!

Build Orders: Pool First, Muta Ling Bane 

Get SALT Encoding   

  12  0:00  Drone  
  13  0:12  Overlord  
  13  0:17  Drone  
  14  0:31  Drone x2  
  16  0:41  Spawning Pool  
  15  0:44  Drone  
  15  0:48  Drone  
  17  1:13  Drone, Hatchery  
  17  1:27  Zergling x4  
  17  1:28  Zergling x2  
  17  1:31  Queen  
  22  1:34  Extractor  
  22  1:39  Overlord  
  21  1:50  Drone  
  23  2:01  Drone  
  23  2:07  Queen  
  25  2:12  Drone  
  26  2:26  Drone  
  27  2:31  Drone  
  27  2:33  Queen  
  28  2:37  Drone  
  28  2:40  Drone  
  28  2:42  Drone x3  
  32  2:47  Drone  
  33  2:58  Overlord  
  33  3:03  Hatchery  
  32  3:06  Metabolic Boost  
  32  3:14  Zergling x6  
  32  3:17  Drone x2  
  37  3:20  Drone  
  37  3:22  Drone  
  37  3:26  Drone  
  40  3:31  Overlord  
  40  3:33  Drone  
  41  3:40  Queen  
  43  3:46  Overlord  
  43  3:50  Drone x5  
  43  3:52  Drone  
  43  3:55  Overlord  
  49  3:59  Drone  
  49  4:01  Drone  
  49  4:02  Spore Crawler  
  50  4:05  Drone, Spore Crawler  
  50  4:11  Zergling x4  
  50  4:15  Drone  
  53  4:18  Queen  
  53  4:20  Drone x2  
  53  4:22  Drone  
  58  4:24  Drone x2  
  58  4:27  Overlord  
  58  4:31  Drone x2  
  62  4:33  Overlord  
  62  4:34  Drone  
  62  4:37  Overlord  
  63  4:42  Drone, Spore Crawler  
  63  4:45  Drone  
  63  4:48  Drone  
  63  4:50  Drone  
  63  4:52  Drone x2  
  68  4:54  Drone, Extractor  
  68  4:57  Roach Warren  
  68  4:59  Drone x3  
  70  5:01  Drone  
  70  5:04  Drone x4  
  75  5:08  Evolution Chamber  
  75  5:10  Lair  
  75  5:12  Drone  
  75  5:15  Drone x2  
  75  5:19  Extractor  
  75  5:20  Extractor  
  75  5:21  Extractor  
  74  5:31  Hatchery  
  74  5:32  Drone  
  74  5:33  Drone  
  74  5:34  Drone x3  
  78  5:35  Drone  
  78  5:36  Drone x3, Extractor  
  78  5:37  Zerg Melee Weapons Level 1  
  78  5:39  Drone  
  78  5:41  Overlord  
  82  5:44  Zergling x6  
  82  5:46  Overlord  
  85  5:51  Overlord  
  85  5:52  Drone  
  85  5:56  Baneling Nest  
  85  6:03  Drone  
  86  6:06  Roach x2  
  86  6:07  Roach x3  
  86  6:09  Roach x4  
  103  6:18  Overlord  
  103  6:22  Drone x2  
  103  6:25  Overlord  
  105  6:27  Overlord x2  
  105  6:28  Roach x4  
  113  6:39  Ravager  
  115  6:40  Ravager x2, Centrifical Hooks  
  115  6:42  Roach x3  
  115  6:44  Ravager x2  
  123  6:47  Zergling x16  
  123  6:50  Ravager  
  123  6:53  Zergling x2  
  133  7:03  Drone x3  
  133  7:04  Drone x3  
  133  7:05  Drone  
  140  7:10  Drone  
  140  7:12  Drone  
  141  7:16  Drone x2, Overlord  
  141  7:18  Zergling x10  
  151  7:22  Zergling x6  
  151  7:27  Spire  
  151  7:28  Hatchery  
  149  7:30  Zergling x6  
  149  7:35  Zerg Melee Weapons Level 2  
  149  7:36  Zergling x12  
  158  7:42  Drone x2  
  157  7:44  Unknown  
  157  7:45  Overlord x3  
  155  7:52  Drone x2  
  155  7:54  Overlord  
  155  7:58  Zergling x8, Spore Crawler  
  160  8:07  Zergling x2  
  160  8:08  Zergling x12  
  166  8:19  Overlord x3  
  166  8:26  Baneling x12  
  166  8:37  Drone x10  
  166  8:38  Drone  
  166  8:40  Mutalisk x8  
  189  8:44  Zerg Flyer Weapons Level 1  
  189  8:45  Mutalisk x3  
  189  8:47  Extractor  
  194  8:50  Mutalisk x3  
  194  8:53  Extractor  
  194  8:55  Mutalisk  
  198  9:06  Infestation Pit  
  197  9:14  Zergling x4  
  199  9:18  Baneling x17  
  199  9:27  Baneling  
  199  9:28  Baneling x4  
  199  9:42  Spine Crawler x2  
  199  9:43  Spine Crawler  
  195  9:49  Hatchery  
  195  9:51  Zerg Missile Weapons Level 1  
  181  9:58  Hive  
  178  10:03  Drone  
  178  10:04  Drone x5  
  178  10:05  Drone x5  
  182  10:26  Corruptor  
  182  10:27  Corruptor x8  
  198  10:48  Zerg Flyer Weapons Level 2  
  193  11:04  Zergling x16  
  196  11:28  Adrenal Glands  
  196  11:36  Zergling x10  
  197  11:45  Zerg Melee Weapons Level 3  
  180  11:48  Drone x2, Zergling x2  
  180  11:50  Zergling x16  
  180  11:51  Zergling x4  
  173  11:56  Zergling x30  
  173  11:58  Zergling x26  
  173  12:01  Roach x3  
  177  12:04  Extractor  
  177  12:05  Roach x2, Extractor  
  176  12:09  Roach  
  176  12:11  Baneling x29  
  176  12:12  Roach x2  
  176  12:13  Roach x2  
  186  12:17  Roach  
  186  12:18  Baneling x17  
  186  12:19  Baneling x7  
  186  12:21  Baneling x10  
  186  12:22  Ravager x2  
  191  12:23  Ravager, Zergling x2  
  191  12:24  Zergling x14  
  196  12:46  Zergling x12  
  196  12:50  Zergling x2  
  196  12:51  Zergling x24  
  199  12:54  Roach x3  
  199  12:56  Roach  
  189  13:03  Roach x2  
  178  13:08  Roach x4  
  185  13:14  Corruptor x4  
  185  13:16  Zergling x2  
  194  13:22  Hydralisk Den  
  194  13:25  Zergling x12  
  199  13:28  Baneling x35  
  199  13:29  Baneling x16  
  199  13:35  Greater Spire  
  199  13:54  Zergling x8  
  192  14:05  Zergling x6  
  192  14:06  Zergling x18  
  199  14:10  Hatchery  
  199  14:13  Ravager, Lurker Den  
  199  14:14  Ravager x2  
  200  14:22  Zerg Missile Weapons Level 2, Muscular Augments  
  195  14:38  Zergling x8  
  195  14:39  Zergling x2  
  195  14:43  Zergling x4  
  195  14:44  Zergling x10  
  197  14:46  Corruptor x5  
  198  14:57  Corruptor x3  
  194  15:00  Corruptor x5  
  194  15:02  Corruptor x3  
  193  15:08  Zerg Flyer Weapons Level 3  
  193  15:15  Corruptor x3  
  193  15:20  Baneling x23  
  193  15:21  Baneling x2  
  199  15:29  Spire  
  199  15:34  Grooved Spines  
  197  15:47  Corruptor x6  
  195  15:57  Zergling x2  
  195  15:58  Zergling x6  
  195  15:59  Hatchery  
  197  16:04  Zergling x2  
  197  16:05  Zergling x4  
  199  16:15  Zergling x4  
  199  16:18  Zergling x6  
  199  16:25  Glial Reconstitution  
  199  16:28  Drone  
  200  16:38  Zerg Ground Armor Level 1  
  198  16:45  Zerg Flyer Armor Level 1  
  198  16:56  Extractor  
  198  16:59  Evolution Chamber  
  198  17:00  Evolution Chamber, Overseer x2  
  190  17:03  Corruptor x2  
  190  17:05  Zergling x28  
  190  17:06  Zergling x8  
  192  17:10  Zergling x16  
  192  17:14  Viper x2  
  198  17:19  Spore Crawler  
  196  17:42  Spore Crawler  
  196  17:43  Baneling  
  196  17:44  Baneling x19  
  195  17:46  Pneumatized Carapace  
  195  17:49  Zerg Missile Weapons Level 3  
  195  17:51  Zergling x16  
  198  18:04  Hatchery  
  194  18:07  Drone x3  
  193  18:15  Drone x8  
  196  18:29  Zergling x12  
  181  18:52  Viper x2  
  181  18:55  Extractor  
  181  18:56  Spore Crawler x2  
  181  18:57  Spore Crawler x2  
  181  18:58  Spore Crawler  
  181  19:00  Zergling x2  
  181  19:01  Zergling x28  
  177  19:05  Zergling x24  
  177  19:09  Overseer  
  161  19:10  Corruptor  
  161  19:12  Corruptor x3  
  161  19:16  Corruptor x3  
  175  19:17  Corruptor  
  175  19:19  Zerg Flyer Armor Level 2  
  175  19:23  Corruptor x3  
  179  19:26  Zerg Ground Armor Level 2  
  179  19:28  Corruptor  
  179  19:29  Corruptor x3  
  184  19:40  Corruptor x8  
  197  19:47  Zergling x10  
  193  19:57  Zergling x16  
  176  20:11  Hatchery  
  176  20:12  Drone x13, Spore Crawler x2  
  176  20:13  Spore Crawler x4  
  174  20:16  Zergling x8  
  174  20:21  Corruptor x2  
  181  20:40  Baneling x11  
  181  20:41  Zergling x26  
  188  20:56  Spore Crawler  
  183  20:59  Drone x6  
  183  21:00  Drone x8  
  197  21:05  Spore Crawler, Overseer, Hatchery  
  197  21:09  Zergling x8  
  196  21:20  Spine Crawler  
  196  21:21  Drone x6, Spine Crawler  
  188  21:49  Spore Crawler  
  188  21:51  Pathogen Glands  
  187  22:13  Infestor x6  
  198  22:16  Spore Crawler  
  198  22:17  Spine Crawler  
  198  22:18  Spine Crawler x2  
  194  22:23  Spore Crawler  
  194  22:24  Spore Crawler  
  194  22:25  Spore Crawler  
  194  22:27  Overseer  
  188  22:33  Drone x11  
  199  22:46  Spore Crawler x2  
  199  22:47  Spore Crawler x2  
  199  22:48  Neural Parasite  
  185  23:05  Spine Crawler  
  185  23:07  Spine Crawler  
  185  23:08  Drone x7  
  189  23:15  Spore Crawler  
  189  23:16  Spore Crawler  
  189  23:18  Spore Crawler  
  189  23:19  Zergling x34  
  197  23:20  Unknown  
  197  23:26  Spine Crawler  
  191  23:30  Extractor  
  191  23:34  Spore Crawler  
  186  23:48  Drone x3  
  184  23:49  Drone  
  184  24:01  Overseer x4  
  184  24:06  Drone x3  
  182  24:31  Hydralisk x7  
  194  24:45  Spore Crawler  
  194  24:46  Spore Crawler x2  
  194  24:47  Infestor x4  
  194  24:48  Spore Crawler  
  194  24:52  Spine Crawler  
  197  24:53  Spine Crawler  
  197  24:54  Spine Crawler  
  195  25:02  Spine Crawler x2  
  190  25:08  Zergling x20  
  190  25:12  Overlord  
  196  25:25  Lurker x4  
  198  25:30  Spore Crawler x2  
  198  25:31  Spore Crawler  
  193  25:35  Spore Crawler  
  189  25:45  Drone x2  
  190  25:53  Infestor x5, Spine Crawler  
  199  26:16  Zergling x10  
  187  27:07  Infestor x4  
  195  27:09  Drone  
  195  27:12  Infestor x2  
  197  27:18  Spore Crawler  
  196  27:25  Spine Crawler  
  196  27:27  Spine Crawler  
  179  27:38  Drone x2  
  179  27:39  Drone  
  179  27:40  Zergling x4  
  179  27:41  Zergling x28  
  197  27:54  Viper  
  197  28:08  Spine Crawler  
  191  28:17  Hydralisk x4  
  197  28:37  Spore Crawler x2  
  195  28:44  Corruptor x2  
  199  29:23  Lurker x2  
  199  29:24  Lurker  
  196  29:33  Spore Crawler, Unknown  
  196  29:34  Spore Crawler  
  196  29:37  Viper x2  
  199  29:45  Spore Crawler  
  198  29:49  Spore Crawler  
  198  29:50  Spore Crawler x3  
  198  29:51  Spore Crawler  
  193  29:54  Zerg Flyer Armor Level 3  
  193  29:55  Zerg Ground Armor Level 3  
  193  29:57  Lurker  
  192  30:23  Corruptor x3  
  195  30:29  Spore Crawler x3  
  192  30:36  Spore Crawler  
  191  30:58  Brood Lord x4  
  199  31:15  Spore Crawler  
  199  31:18  Spore Crawler x2  
  197  31:19  Spore Crawler  
  190  31:44  Viper x2  
  190  31:46  Zergling x4  
  190  31:47  Zergling x10  
  200  32:04  Spore Crawler  
  200  32:05  Spore Crawler  
  200  32:06  Spore Crawler x2  
  200  32:07  Spore Crawler  
  195  32:08  Spore Crawler x2  
  195  32:09  Spore Crawler x2  
  195  32:10  Spore Crawler x2  
  195  32:11  Spore Crawler  
  195  32:12  Spore Crawler  
  187  32:16  Spore Crawler  
  180  32:55  Brood Lord x5  
  188  32:59  Corruptor  
  188  33:00  Corruptor x4  
  198  33:11  Hatchery  
  194  33:43  Corruptor x2  
  196  34:31  Spore Crawler x2  
  196  34:32  Spore Crawler  
  196  34:37  Brood Lord x3  
  196  34:44  Spore Crawler  
  195  35:24  Queen x2  
  198  36:21  Hatchery  
  196  36:42  Zergling x6  
  196  36:55  Zergling x6  
  192  37:11  Zergling x16  
  200  37:30  Hatchery  
  196  37:42  Zergling x8  
  195  38:22  Spore Crawler  
  195  38:25  Spore Crawler  
  195  38:26  Spore Crawler x2  
  195  38:27  Spore Crawler x3  
  187  38:28  Spore Crawler x3  
  187  38:30  Spore Crawler x2  
  179  38:38  Zergling x36  
  180  39:36  Zergling x36  
  198  39:55  Drone x2  
  191  40:50  Corruptor x2  
  194  40:59  Hatchery  
  193  41:15  Drone x3  
  193  42:30  Burrow  
  191  43:05  Extractor  
Show
View Real Time Build Order
Export as new Build Order

Probe Protoss 

Build Orders: 1 Gate Expand, Oracle Opening, Carriers 

Get SALT Encoding   

  12  0:00  Probe  
  13  0:12  Probe  
  14  0:19  Pylon  
  14  0:24  Probe  
  15  0:37  Probe (Chrono Boost)  
  16  0:45  Gateway  
  16  0:46  Probe (Chrono Boost)  
  17  0:53  Probe  
  17  0:55  Assimilator  
  18  1:05  Probe  
  19  1:17  Probe  
  20  1:29  Probe  
  20  1:32  Cybernetics Core  
  21  1:40  Nexus  
  21  1:47  Zealot (Chrono Boost)  
  21  1:53  Pylon  
  23  2:04  Assimilator  
  23  2:11  Adept (Chrono Boost), Probe  
  26  2:17  Warp Gate  
  26  2:24  Probe  
  27  2:36  Probe  
  28  2:48  Probe (Chrono Boost)  
  28  2:50  Stargate  
  29  2:52  Probe (Chrono Boost)  
  31  2:59  Probe (Chrono Boost)  
  31  3:01  Probe (Chrono Boost)  
  31  3:04  Probe (Chrono Boost)  
  32  3:06  Probe (Chrono Boost)  
  34  3:14  Probe  
  34  3:16  Gateway  
  34  3:18  Probe  
  36  3:24  Pylon  
  36  3:26  Probe  
  37  3:30  Oracle (Chrono Boost)  
  37  3:31  Probe  
  41  3:38  Probe  
  42  3:43  Probe  
  43  3:50  Probe  
  43  3:52  Pylon  
  43  3:55  Probe  
  45  3:59  Assimilator  
  45  4:00  Oracle, Assimilator  
  48  4:02  Probe  
  48  4:07  Adept, Probe  
  52  4:15  Probe  
  53  4:18  Pylon  
  53  4:19  Probe  
  53  4:22  Stalker  
  56  4:27  Probe  
  56  4:31  Probe (Chrono Boost)  
  56  4:38  Nexus, Pylon  
  57  4:39  Probe (Chrono Boost)  
  57  4:41  Shield Battery  
  57  4:43  Probe (Chrono Boost)  
  57  4:45  Sentry x2  
  63  4:50  Probe (Chrono Boost)  
  63  4:51  Pylon  
  63  4:52  Probe (Chrono Boost)  
  65  4:55  Probe (Chrono Boost)  
  65  4:59  Twilight Council  
  66  5:02  Forge  
  66  5:05  Probe  
  66  5:06  Probe  
  68  5:08  Sentry  
  68  5:10  Sentry  
  68  5:13  Protoss Ground Weapons Level 1 (Chrono Boost)  
  72  5:17  Gateway x2  
  72  5:22  Probe  
  72  5:27  Probe  
  74  5:30  Blink (Chrono Boost)  
  74  5:34  Probe  
  74  5:35  Gateway  
  75  5:37  Gateway  
  75  5:42  Probe  
  76  5:46  Probe  
  77  5:53  Probe  
  77  5:55  Stalker x2  
  77  5:56  Pylon  
  82  5:58  Probe  
  82  6:00  Probe  
  84  6:05  Probe  
  84  6:10  Probe  
  86  6:12  Probe  
  86  6:17  Probe  
  88  6:18  Adept  
  88  6:20  Photon Cannon  
  88  6:22  Pylon, Sentry x2, Probe  
  88  6:24  Probe  
  96  6:26  Stalker  
  96  6:29  Probe, Pylon  
  96  6:30  Robotics Facility  
  99  6:37  Pylon  
  99  6:39  Probe  
  99  6:40  Probe  
  99  6:43  Stalker x3  
  106  6:53  Probe  
  107  6:56  Probe x2  
  107  6:57  Gateway x2  
  107  6:58  Assimilator  
  109  7:04  Assimilator  
  109  7:05  Stalker x2, Probe  
  109  7:06  Stalker  
  116  7:08  Probe  
  117  7:17  Protoss Ground Weapons Level 2  
  117  7:20  Charge (Chrono Boost)  
  117  7:21  Observer  
  117  7:22  Robotics Bay  
  118  7:26  Nexus, Pylon  
  118  7:27  Pylon  
  118  7:38  Pylon, Photon Cannon  
  118  7:39  Pylon  
  114  7:44  Stalker x3  
  114  7:49  Warp Prism (Chrono Boost)  
  120  7:52  Pylon  
  120  7:53  Sentry x2  
  124  8:03  Stalker x3  
  130  8:10  Shield Battery  
  130  8:12  Shield Battery  
  128  8:17  Shield Battery  
  128  8:20  Shield Battery  
  128  8:22  Colossus (Chrono Boost)  
  128  8:23  Sentry  
  128  8:24  Sentry  
  138  8:29  Zealot  
  138  8:30  Shield Battery  
  138  8:31  Pylon  
  140  8:34  Stalker  
  140  8:35  Stalker x2  
  146  8:48  Unknown  
  146  8:49  Probe x2  
  146  8:56  Photon Cannon  
  146  8:59  Shield Battery  
  146  9:00  Photon Cannon  
  146  9:02  Shield Battery  
  146  9:03  Colossus (Chrono Boost)  
  146  9:05  Phoenix  
  146  9:07  Probe  
  155  9:12  Shield Battery  
  155  9:17  Pylon  
  155  9:20  Shield Battery  
  155  9:22  Extended Thermal Lance  
  155  9:23  Stalker x3  
  159  9:26  Zealot  
  159  9:29  Pylon  
  161  9:35  Zealot x2  
  165  9:38  Sentry  
  165  9:40  Stalker  
  167  9:46  Stalker x2  
  167  9:47  Stalker  
  170  10:01  Probe x4  
  170  10:02  Stalker  
  170  10:03  Stalker x3  
  179  10:13  Probe x4  
  183  10:15  Photon Cannon  
  181  10:25  Stalker x5, Probe x3  
  194  10:30  Pylon  
  194  10:35  Pylon  
  193  10:50  Pylon  
  193  10:51  Templar Archives  
  193  10:52  Pylon x2  
  193  11:00  Fleet Beacon  
  193  11:01  Stargate  
  193  11:03  Stargate  
  193  11:08  Zealot x3  
  193  11:10  Nexus, Protoss Ground Weapons Level 3 (Chrono Boost)  
  199  11:25  Protoss Air Weapons Level 1 (Chrono Boost)  
  184  11:57  Stalker x8  
  184  12:01  Probe  
  195  12:02  Warp Prism  
  197  12:11  Psionic Storm  
  197  12:16  Pylon  
  197  12:19  Assimilator  
  197  12:21  Sentry  
  193  12:49  Stalker x4  
  193  12:50  Stalker x3  
  138  12:58  Carrier (Chrono Boost)  
  138  12:59  Carrier x2 (Chrono Boost)  
  134  13:07  High Templar  
  128  13:14  High Templar  
  128  13:15  Zealot, High Templar x5  
  128  13:18  Photon Cannon  
  140  13:20  Assimilator, Archon x3  
  140  13:25  Photon Cannon, Pylon  
  140  13:26  Assimilator  
  140  13:27  Photon Cannon  
  140  13:29  Photon Cannon, Pylon  
  140  13:30  Photon Cannon  
  140  13:41  Zealot x2  
  144  13:48  Zealot, High Templar  
  144  13:49  Zealot x4  
  144  13:53  Probe x5  
  157  13:56  Carrier x2  
  169  14:05  Probe  
  169  14:06  Stalker x2  
  172  14:15  Carrier  
  172  14:16  Nexus  
  178  14:17  High Templar  
  178  14:18  High Templar  
  178  14:24  Zealot x3, Adept  
  184  14:29  Observer  
  189  14:32  Pylon  
  188  14:39  Stalker x2  
  192  14:50  High Templar x2  
  192  14:51  Zealot  
  198  14:58  Archon  
  176  15:00  Stalker x3  
  148  15:08  Pylon  
  148  15:10  Pylon  
  148  15:12  Pylon  
  148  15:13  High Templar x2, Pylon  
  148  15:14  Zealot x4  
  154  15:18  Archon  
  166  15:21  Carrier (Chrono Boost)  
  166  15:27  Photon Cannon  
  166  15:28  Photon Cannon  
  166  15:31  Dark Shrine  
  166  15:36  Assimilator, Adept  
  166  15:37  Zealot  
  166  15:38  Zealot  
  158  15:52  High Templar x2  
  162  15:58  Pylon  
  162  16:01  Observer  
  162  16:02  Zealot  
  162  16:03  Zealot x5  
  172  16:05  Carrier (Chrono Boost)  
  172  16:06  Archon  
  177  16:12  Protoss Air Weapons Level 2 (Chrono Boost)  
  173  16:26  Shield Battery, Photon Cannon  
  173  16:32  Nexus  
  171  16:33  Void Ray  
  171  16:35  Pylon  
  171  16:36  Void Ray  
  167  16:47  Dark Templar  
  167  16:48  Dark Templar  
  167  16:52  Void Ray, Sentry  
  173  17:01  Unknown  
  172  17:06  Observer  
  173  17:13  Void Ray  
  181  17:31  Void Ray x2  
  181  17:40  Void Ray  
  189  17:47  Zealot  
  189  17:48  Zealot x4  
  197  17:54  Nexus  
  191  18:08  Unknown  
  191  18:09  Void Ray, Dark Templar  
  191  18:10  Pylon, Dark Templar, Stalker x2  
  191  18:11  Zealot x2  
  191  18:12  Pylon  
  197  18:17  Pylon  
  197  18:18  Protoss Shields Level 1 (Chrono Boost)  
  197  18:19  Shadow Stride  
  197  18:31  Zealot, Protoss Air Weapons Level 3 (Chrono Boost)  
  197  18:32  Zealot x3  
  193  18:42  Dark Templar x2  
  193  18:44  Probe  
  194  18:49  Zealot x2  
  186  18:55  Shield Battery  
  186  18:57  Shield Battery  
  186  18:58  Shield Battery  
  186  19:00  Shield Battery  
  186  19:01  Zealot x3  
  186  19:02  Zealot  
  148  19:13  Void Ray  
  148  19:14  Zealot x4  
  160  19:34  Dark Templar x3  
  160  19:35  Zealot x3  
  164  19:41  Dark Templar  
  164  19:42  Zealot  
  164  19:44  Probe  
  139  19:57  Zealot x3  
  117  20:09  Probe x5  
  122  20:16  Dark Templar  
  122  20:21  Probe x3  
  122  20:25  Adept  
  125  20:46  Dark Templar  
  127  20:50  Zealot x2  
  127  20:51  Zealot x3  
  127  20:54  High Templar  
  135  21:08  Dark Templar  
  137  21:15  Probe (Chrono Boost)  
  137  21:16  Probe x3 (Chrono Boost)  
  137  21:17  Probe (Chrono Boost)  
  137  21:18  Probe (Chrono Boost)  
  148  21:26  Probe x5 (Chrono Boost)  
  148  21:27  Probe (Chrono Boost)  
  148  21:31  Probe x2 (Chrono Boost)  
  150  21:35  Zealot, High Templar  
  150  21:36  Zealot  
  150  21:39  Probe x2  
  159  21:41  Probe  
  159  21:42  Probe x2  
  158  21:53  Assimilator  
  158  21:56  Pylon  
  158  21:58  Dark Templar  
  158  22:11  Pylon  
  158  22:14  Zealot  
  158  22:15  Zealot x4  
  168  22:21  Assimilator  
  166  22:26  Assimilator  
  166  22:29  Protoss Air Armor Level 1 (Chrono Boost)  
  166  22:36  Photon Cannon  
  166  22:37  Probe x2, Photon Cannon  
  166  22:39  Photon Cannon  
  166  22:40  Shield Battery  
  166  22:43  Shield Battery  
  166  22:48  High Templar x2  
  170  22:53  Zealot x5  
  180  23:00  Oracle  
  181  23:10  Dark Templar  
  179  23:33  Shield Battery  
  179  23:35  Shield Battery  
  179  23:37  Shield Battery  
  179  23:38  Photon Cannon  
  179  23:41  Pylon  
  179  23:42  Carrier  
  179  23:46  Zealot x6  
  191  23:53  Probe x4  
  176  24:28  Carrier  
  176  24:29  Carrier  
  176  24:44  Zealot x5  
  176  24:45  Zealot  
  188  24:49  Pylon  
  188  24:50  Nexus  
  188  24:57  Dark Templar  
  180  25:16  Shield Battery  
  180  25:19  Shield Battery x2  
  180  25:20  High Templar x4, Shield Battery, Pylon  
  188  25:22  Shield Battery, Archon  
  182  25:36  Photon Cannon  
  182  25:37  Probe x4  
  182  25:38  Probe  
  182  25:39  Protoss Shields Level 2 (Chrono Boost), Photon Cannon  
  182  25:40  Zealot x2  
  182  25:41  Unknown, Photon Cannon  
  183  26:00  Zealot  
  183  26:01  Zealot x2  
  183  26:02  Protoss Air Armor Level 2 (Chrono Boost)  
  189  26:14  Tempest (Chrono Boost)  
  189  26:24  Tempest (Chrono Boost)  
  189  26:28  Observer  
  178  26:50  Zealot x8, Observer  
  178  26:52  Carrier  
  187  27:16  Probe x4  
  187  27:23  Nexus  
  187  27:27  Probe  
  188  27:36  Oracle  
  173  27:38  Probe x4  
  173  27:46  Unknown  
  173  27:51  Zealot x3  
  173  27:52  Zealot x5  
  173  27:56  Oracle (Chrono Boost)  
  186  28:15  Pylon  
  175  28:25  Carrier (Chrono Boost)  
  175  28:31  Carrier (Chrono Boost)  
  190  28:35  Carrier (Chrono Boost)  
  190  28:39  High Templar x2  
  190  28:40  Zealot x2  
  190  28:41  Zealot  
  200  28:45  Archon  
  200  28:47  Pylon  
  200  28:50  Nexus  
  200  29:04  Pylon  
  200  29:07  Pylon  
  194  29:39  Mothership (Chrono Boost)  
  200  30:01  Shield Battery  
  200  30:02  Shield Battery  
  200  30:04  Shield Battery  
  200  30:06  Shield Battery  
  198  30:07  Stalker  
  198  30:08  Shield Battery  
  198  30:10  Shield Battery  
  198  30:14  Shield Battery  
  198  30:15  Shield Battery  
  198  30:18  Shield Battery  
  198  30:19  Shield Battery  
  198  30:22  Assimilator  
  198  30:27  Assimilator  
  198  30:32  Protoss Shields Level 3 (Chrono Boost)  
  196  30:38  Photon Cannon  
  196  30:40  Photon Cannon  
  196  30:45  Photon Cannon  
  196  30:47  Photon Cannon  
  196  30:50  Pylon  
  196  30:51  Protoss Air Armor Level 3 (Chrono Boost)  
  196  30:54  Observer  
  197  31:03  Zealot  
  199  31:15  Observer  
  174  32:01  Zealot  
  174  32:02  Zealot x7  
  189  32:27  Oracle  
  185  32:38  Carrier x2 (Chrono Boost)  
  187  32:44  Zealot x4  
  187  32:45  Zealot x2  
  197  32:54  High Templar x2  
  179  33:15  Carrier (Chrono Boost)  
  179  33:20  High Templar  
  179  33:23  Zealot x5  
  189  33:32  Carrier (Chrono Boost)  
  192  33:56  Carrier (Chrono Boost)  
  192  33:57  Protoss Ground Armor Level 1 (Chrono Boost)  
  198  34:06  Zealot x2  
  196  34:36  Oracle  
  180  35:14  Carrier x2  
  180  35:15  Carrier  
  194  35:45  High Templar  
  194  35:46  High Templar x2  
  197  36:30  Unknown  
  197  36:32  Nexus  
  194  36:34  Pylon  
  194  36:36  Zealot x5  
  190  36:53  Zealot x3  
  173  37:04  High Templar x2  
  173  37:05  High Templar x2  
  185  37:12  Zealot  
  185  37:15  Oracle  
  184  37:20  Zealot x3  
  188  37:33  Zealot  
  180  37:39  Pylon  
  176  37:45  Pylon  
  176  37:50  Tempest x2  
  186  37:58  Zealot  
  186  37:59  Zealot x6  
  196  38:35  Pylon  
  186  38:51  Tempest x2  
  168  39:28  Carrier  
  168  39:34  Zealot x2, Carrier  
  168  39:35  Zealot x6, Carrier  
  190  39:56  Warp Prism  
  192  40:00  Zealot x4  
  194  40:27  Zealot x3  
  194  40:28  Zealot x4  
  190  40:34  Carrier  
  196  40:39  Oracle  
  174  41:11  Zealot x4  
  174  41:12  Zealot x3  
  174  41:48  Nexus  
  161  42:02  Zealot x3, Dark Templar x2  
  159  43:06  Zealot x2  

Tags
 
Add a new tag
Caveats
  • Supply blocks, unpowered buildings, or Contaminate may cause inaccurate times.
  • Supply counts are checked every 10 seconds.